 Dungeon Crawl Stone Soup version 0.29-a0-824-gd827844252 (webtiles) character file.

Game seed: 1520757067884620031

12052 jesse the Severer (level 11, -12/151 HPs)
             Began as a Hill Orc Fighter on June 29, 2022.
             Was an Initiate of Kikubaaqudgha.
             Mangled by a skeletal warrior
             ... wielding a +0 flail
              (15 damage)
             ... on level 11 of the Dungeon on July 9, 2022.
             The game lasted 00:41:51 (11303 turns).

jesse the Severer (Hill Orc Fighter)               Turns: 11303, Time: 00:41:52

Health: -12/151    AC: 10    Str: 30    XL:     11   Next: 87%
Magic:  9/9        EV: 10    Int:  8    God:    Kikubaaqudgha [......]
Gold:   475        SH:  4    Dex: 10    Spells: 10/10 levels left

rFire   . . .      SeeInvis +   J - +3 war axe (flame)
rCold   . . .      Faith    .   c - +0 buckler
rNeg    . . .      Spirit   .   e - +0 acid dragon scales
rPois   .          Reflect  .   (no helmet)
rElec   .          Harm     .   H - +0 cloak
rCorr   +          Rampage  .   (no gloves)
Will    .....      Clarity  +   (no boots)
Stlth   ..........              B - amulet of the acrobat
HPRegen 0.35/turn               G - +6 ring of strength
MPRegen 0.11/turn               o - ring of see invisible

@: berserking (expiring), very quick
A: low MP 1, clarity, wild magic 1
a: Renounce Religion


You were on level 11 of the Dungeon.
You worshipped Kikubaaqudgha.
Kikubaaqudgha was noncommittal.
You visited 2 branches of the dungeon, and saw 12 of its levels.

You collected 553 gold pieces.
You spent 78 gold pieces at shops.

Inventory:

Hand Weapons
 J - a +3 war axe of flaming (weapon)
Missiles
 F - 2 throwing nets (quivered)
Armour
 c - a +0 buckler (worn)
 e - +0 acid dragon scales (worn)
 H - a +0 cloak (worn)
Jewellery
 f - a ring of magical power
 m - an amulet of regeneration
 o - a ring of see invisible (right hand)
 u - a +6 ring of strength
 w - an amulet of faith
 B - an amulet of the acrobat (around neck)
 G - a +6 ring of strength (left hand)
Wands
 g - a wand of mindburst (5)
 s - a wand of flame (31)
 z - a wand of light (5)
 A - a wand of charming (9)
Scrolls
 a - a scroll of immolation {unknown}
 h - 3 scrolls of teleportation
 i - 3 scrolls of amnesia {unknown}
 k - 5 scrolls of enchant armour
 n - a scroll of vulnerability {unknown}
 p - a scroll of brand weapon {unknown}
 q - a scroll of blinking
 r - 4 scrolls of noise
 t - a scroll of identify
 v - 3 scrolls of summoning
 y - a scroll of torment {unknown}
 C - 2 scrolls of fear {unknown}
 E - a scroll of magic mapping {unknown}
 I - a scroll of fog {unknown}
Potions
 d - a potion of magic
 l - 3 potions of flight
 x - 3 potions of curing
 D - a potion of haste


   Skills:
 + Level 10.5 Fighting
 - Level 17.9 Axes
 * Level 2.2 Throwing
 - Level 9.6 Armour
 - Level 4.0 Shields
 + Level 1.3 Evocations


You had 10 spell levels left.
You didn't know any spells.
Your spell library contained the following spells:

 Spells                   Type           Power      Damage    Failure   Level
 Foxfire                  Conj/Fire      0%         2x1d4     63%         1
 Ensorcelled Hibernation  Hex/Ice        0%         N/A       77%         2
 Passwall                 Tmut/Erth      0%         N/A       77%         2
 Static Discharge         Conj/Air       0%         3-3/arc   77%         2
 Conjure Flame            Conj/Fire      0%         6-21      93%         3
 Inner Flame              Hex/Fire       0%         N/A       93%         3
 Swiftness                Air            0%         N/A       93%         3
 Flame Wave               Conj/Fire      0%         2d4       100%        4
 Passage of Golubria      Tloc           0%         N/A       100%        4
 Lightning Bolt           Conj/Air       0%         1d11      100%        5
 Silence                  Hex/Air        0%         N/A       100%        5
 Lehudib's Crystal Spear  Conj/Erth      0%         10d2      100%        8
 Maxwell's Capacitive Co  Air            0%         ∞         100%        8


Dungeon Overview and Level Annotations

Branches:
Dungeon (11/15)            Temple (1/1) D:5            Lair (0/6) D:8
    Orc: D:9-12

Altars:
Ashenzari
Cheibriados
Dithmenos
Elyvilon
Fedhas
Gozag
Hepliaklqana
Kikubaaqudgha
Makhleb
Nemelex Xobeh
Okawaru
Qazlal
Ru
Sif Muna
Trog
Uskayaw
Vehumet
Wu Jian
Xom
Yredelemnul
Zin
The Shining One

Shops:
D:1 (   D:4 *(   D:9 *

Annotations:
D:8 kevlar127's ghost, novice TrBe


Innate Abilities, Weirdness & Mutations

Your magical capacity is low. (-10% MP)
You possess an exceptional clarity of mind.
Your spells are a little harder to cast, but a little more powerful.


Message History

You kill the cyclops!
Kikubaaqudgha accepts your kill.
You hit the skeletal warrior but do no damage.
The skeletal warrior hits you with a +0 flail!
* * * LOW HITPOINT WARNING * * *
Your Throwing skill increases to level 2!
Unknown command.
You barely miss the skeletal warrior.
The skeletal warrior is lightly damaged.
Unknown command.
Unknown command.
You slash the skeletal warrior! You burn the skeletal warrior.
The skeletal warrior is moderately damaged.
The skeletal warrior hits you with a +0 flail!
* * * LOW HITPOINT WARNING * * *
Unknown command.
Unknown command.
You hit the skeletal warrior but do no damage.
The skeletal warrior is moderately damaged.
Unknown command.
Unknown command.
Unknown command.
You barely miss the skeletal warrior.
The skeletal warrior is moderately damaged.
The skeletal warrior hits you with a +0 flail!
* * * LOW HITPOINT WARNING * * *
Unknown command.
Unknown command.
Unknown command.
Unknown command.
You closely miss the skeletal warrior.
The skeletal warrior is moderately damaged.
Unknown command.
Unknown command.
Unknown command.
You hit the skeletal warrior but do no damage.
The skeletal warrior is moderately damaged.
The skeletal warrior hits you with a +0 flail!
You die...
Kikubaaqudgha rasps: "You have failed me!
Welcome... death!"

## #. #....##.### ###
#....##...###..##
#....##....#....##
#####....##....#z....#
#........##....@(.#
#..............#..#
#..............#..#
#.............##...#
#...........### ...$?
#...........# ..##!#
#...††....>.# ### .#
#...........# .
#...........#


You could see a skeletal warrior.

Vanquished Creatures
  Erolcha (D:9)
  A hydra (D:8)
  A catoblepas (D:11)
  A two-headed ogre (D:9)
  A cyclops (D:11)
  Joseph (D:9)
  A komodo dragon (D:8)
  An efreet (D:11)
  A slime creature (D:7)
  A shadow (D:10)
  2 wyverns (D:9)
  A vampire (D:10)
  17 yaks
  A wraith (D:10)
  2 steam dragons
  Menkaure (D:7)
  3 vampire mosquitoes (D:11)
  An acid dragon (D:9)
  A water moccasin (D:8)
  6 orc warriors
  2 sky beasts
  An ice beast (D:5)
  3 ogres
  4 centaurs
  2 phantoms (D:7)
  A kobold brigand (D:10)
  4 bullfrogs
  A scorpion (D:6)
  A necrophage (D:4)
  2 elf skeletons (D:8)
  12 wights
  6 killer bees (D:9)
  5 howler monkeys
  Crazy Yiuf (D:7)
  A jelly (D:8)
  4 orc priests
  3 hounds
  3 human skeletons (D:8)
  2 iguanas
  13 orc wizards
  10 adders
  2 ufetubi (D:7)
  2 worms
  A dart slug (D:2)
  25 orcs
  9 ball pythons
  7 endoplasms
  A giant cockroach (D:1)
  6 hobgoblins
  11 jackals
  10 kobolds
  A quokka (D:2)
  6 bats
  5 frilled lizards
  9 goblins
  An orc skeleton (D:8)
  2 rats
224 creatures vanquished.

Vanquished Creatures (collateral kills)
  An orc wizard (D:6)
  An orc (D:6)
2 creatures vanquished.

Vanquished Creatures (others)
  7 plants (D:8)
7 creatures vanquished.

Grand Total: 233 creatures vanquished

Notes
Turn   | Place    | Note
-------+----------+-------------------------------------------
     0 | D:1      | jesse the Hill Orc Fighter began the quest for the Orb.
     0 | D:1      | Reached XP level 1. HP: 19/19 MP: 1/1
    58 | D:1      | Reached skill level 3 in Axes
   148 | D:1      | Reached XP level 2. HP: 26/26 MP: 2/2
   192 | D:1      | Reached skill level 4 in Axes
   456 | D:1      | Found Dienyhol's Weapon Shoppe.
   781 | D:1      | Reached XP level 3. HP: 31/31 MP: 3/3
  1206 | D:2      | Reached skill level 5 in Axes
  1536 | D:2      | Reached XP level 4. HP: 33/39 MP: 4/4
  1957 | D:3      | Reached skill level 6 in Axes
  2454 | D:3      | Reached XP level 5. HP: 42/45 MP: 5/5
  2523 | D:3      | Reached skill level 7 in Axes
  2835 | D:4      | Found an opulent altar of Gozag.
  2845 | D:4      | Found Waler's Antique Weapon Shop.
  2982 | D:4      | Found Gozag's Platinum Reserve.
  3101 | D:4      | Reached skill level 8 in Axes
  3142 | D:4      | Reached XP level 6. HP: 51/51 MP: 6/6
  3391 | D:5      | Entered Level 5 of the Dungeon
  3418 | D:5      | Reached skill level 9 in Axes
  3470 | D:5      | Found a staircase to the Ecumenical Temple.
  3611 | D:5      | Noticed an ice beast
  3617 | D:5      | Killed an ice beast
  3618 | D:5      | Reached XP level 7. HP: 59/59 MP: 7/7
  3947 | Temple   | Entered the Ecumenical Temple
  4282 | Temple   | Became a worshipper of Ru the Awakened
  4391 | D:6      | Reached skill level 10 in Axes
  4403 | D:6      | Reached XP level 8. HP: 67/67 MP: 8/8
  4406 | D:6      | Reached skill level 11 in Axes
  4772 | D:6      | Reached skill level 5 in Fighting
  4844 | D:6      | Reached skill level 12 in Axes
  5137 | D:7      | Upgraded the game from 0.29-a0-732-g3d7fbe0af2 to
                  | 0.29-a0-824-gd827844252
  5162 | D:7      | Noticed Menkaure
  5167 | D:7      | Reached XP level 9. HP: 79/79 MP: 9/9
  5172 | D:7      | Killed Menkaure
  5329 | D:7      | Reached skill level 13 in Axes
  5500 | D:7      | Gained mutation: Your magical capacity is low. (-10% MP)
                  | [Ru sacrifice]
  5681 | D:7      | Found a runed translucent door.
  5682 | D:7      | Noticed Crazy Yiuf
  5893 | D:7      | Killed Crazy Yiuf
  5967 | D:7      | Reached skill level 14 in Axes
  6555 | D:8      | Gained mutation: You possess an exceptional clarity of
                  | mind. [potion of mutation]
  6555 | D:8      | Gained mutation: Your spells are a little harder to cast,
                  | but a little more powerful. [potion of mutation]
  6573 | D:8      | Reached skill level 15 in Axes
  6585 | D:8      | Reached skill level 5 in Armour
  6585 | D:8      | Reached XP level 10. HP: 63/86 MP: 9/9
  6999 | D:8      | Found a runed translucent gate.
  6999 | D:8      | Found a runed translucent gate.
  6999 | D:8      | Found a runed translucent gate.
  6999 | D:8      | Found an opulent altar of Gozag.
  7000 | D:8      | Noticed a four-headed hydra
  7001 | D:8      | Noticed kevlar127's ghost (novice TrBe)
  7322 | D:8      | Reached skill level 16 in Axes
  7349 | D:8      | Killed a four-headed hydra
  7552 | D:8      | Found a staircase to the Lair.
  7999 | D:9      | Noticed a two-headed ogre
  8005 | D:9      | Killed a two-headed ogre
  8006 | D:9      | Reached skill level 17 in Axes
  8222 | D:9      | Noticed Erolcha
  8234 | D:9      | Killed Erolcha
  8235 | D:9      | Reached XP level 11. HP: 63/92 MP: 9/9
  9169 | D:9      | Found Doyramet's Assorted Antiques.
  9178 | D:9      | Bought a brown potion for 18 gold pieces
  9178 | D:9      | Bought a brown potion for 18 gold pieces
  9178 | D:9      | Bought a scroll of identify for 42 gold pieces
  9458 | D:9      | Noticed Joseph
  9478 | D:9      | Killed Joseph
  9922 | D:10     | Entered Level 10 of the Dungeon
  9959 | D:10     | Found a shimmering altar of Xom.
 10160 | D:10     | Reached skill level 1 in Evocations
 10224 | D:10     | Found an iron altar of Okawaru.
 10660 | D:10     | Found a glowing silver altar of Zin.
 10719 | D:10     | Found an ancient bone altar of Kikubaaqudgha.
 10731 | D:10     | Fell from the grace of Ru
 10731 | D:10     | Became a worshipper of Kikubaaqudgha
 11116 | D:10     | Found a bloodstained altar of Trog.
 11184 | D:11     | Reached skill level 10 in Fighting
 11273 | D:11     | Noticed a catoblepas
 11273 | D:11     | Noticed a cyclops
 11281 | D:11     | Noticed a skeletal warrior
 11288 | D:11     | Killed a catoblepas
 11289 | D:11     | Reached skill level 1 in Throwing
 11297 | D:11     | Killed a cyclops
 11301 | D:11     | HP: 3/151 [skeletal warrior/+0 flail (15)]
 11303 | D:11     | Mangled by a skeletal warrior

Illustrated notes

Levels and vault maps discovered:
D:1:      sevenhm_arrival_forest_fort_small_3, layout_basic, serial_shops,
          nicolae_shop_stone
D:2:      layout_rooms, corexii_corridor_pit, grunt_decor_resistance
D:3:      layout_basic, minmay_bisected
D:4:      layout_rooms, nicolae_gozag_zags_fifth_avenue, serial_shops, shop
D:5:      layout_cave_pools, minmay_temple_entry_ruins, dk_noncrumbling_2
D:6:      layout_basic
D:7:      layout_cave_pools, amcnicky_mini_corridor_feature,
          corexii_leaking_fountain, uniq_menkaure, uniq_crazy_yiuf_cottage
D:8:      layout_basic, david_lair_shrubbed, enter_bailey_2,
          nicolae_ossuary_entry_catacombs, ebering_ghost_gozag
D:9:      layout_loops_ring, serial_shops, nicolae_shop_trees,
          grunt_ministairs_6, uniq_erolcha, uniq_joseph
D:10:     lemuel_flame_loot_2, layout_loops_ring, mainiacjoe_overflow_paths,
          nicolae_overflow_quartered_altars
D:11:     minmay_curly_fans, layout_small_grid, serial_shops,
          kennysheep_little_box
Temple:   eino_temple_scatter_basement

Skill      XL: |  1  2  3  4  5  6  7  8  9 10 11 |
---------------+----------------------------------+-----
Axes           | 3 4 5 6 8 9 10 12 15 17 | 17.9
Fighting       | 4 7 10 | 10.5
Shields        | 4 |  4.0
Armour         | 5 8 9 |  9.6
Evocations     | 1 |  1.3
Throwing       | 2 |  2.2

Action                   |  1- 3 |  4- 6 |  7- 9 | 10-12 || total
-------------------------+-------+-------+-------+-------++-------
Melee: War axe           |    84 |   144 |   139 |    44 ||   411
       Hand axe          |       |       |    88 |   344 ||   432
Invok: Sacrifice Essence |       |       |     1 |       ||     1
Evoke: Wand              |       |     1 |    14 |    27 ||    42
  Use: Potion            |     1 |     1 |    12 |     7 ||    21
       Scroll            |       |       |     4 |    10 ||    14
 Stab: Invisible         |       |       |     4 |    10 ||    14
Armor: Scale mail        |    31 |    62 |    78 |       ||   171
       Plate armour      |       |       |     6 |    46 ||    52
       Acid dragon scale |       |       |       |    33 ||    33
Dodge: Dodged            |    32 |    73 |    89 |    93 ||   287
Block: Buckler           |    17 |    33 |    36 |    53 ||   139

Table legend: (Time is in decaauts)
 A = Elapsed time spent in this place.
 B = Non-inter-level travel time spent in this place.
 C = Inter-level travel time spent in this place.
 D = Time resting spent in this place.
 E = Time spent auto-exploring this place.
 F = Levels seen in this place.
 G = Mean time per level.
                   A        B        C        D        E       F      G
               +--------+--------+--------+--------+--------+-----+--------+
         Total |  11183 |  10758 |    425 |   1675 |   7045 |  12 |  931.9 |
       Dungeon |  10830 |  10422 |    408 |   1675 |   6888 |  11 |  984.5 |
        Temple |    352 |    335 |     17 |      0 |    157 |   1 |  352.0 |
               +--------+--------+--------+--------+--------+-----+--------+

Top non-repeatable levels by time:
     D:9: 1883 daAuts
     D:8: 1396 daAuts
     D:7: 1355 daAuts
    D:10: 1209 daAuts
     D:1: 1085 daAuts
     D:2: 897 daAuts
     D:3: 867 daAuts
     D:6: 854 daAuts
     D:4: 590 daAuts
     D:5: 572 daAuts
  Temple: 352 daAuts
    D:11: 119 daAuts
